PL
PHOENIX HOTSPUR @ ATLANTA SMOKE
09/15/2021
 
TOP OF THE 1ST
Phoenix Hotspur batting - Pitching for Atlanta Smoke : RHP Tom Bowen
Pitching: RHP Tom Bowen
Batting: SHB Dave Orchard 0-0: Swinging Strike
0-1: Ball
1-1: Foul Ball, location: 2F
1-2: Ball
2-2: Ball
3-2: Foul Ball, location: 2F
3-2: Strikes out swinging
Batting: RHB Terry Armstrong 0-0: Called Strike
0-1: Swinging Strike
0-2: Ball
1-2: Foul Ball, location: 2F
1-2: Foul Ball, location: 2F
1-2: Ball
2-2: Foul Ball, location: 2F
2-2: SINGLE (Line Drive, 6MD)
Batting: LHB Pedro Willis 0-0: Ground out 3-1 (Groundball, 34)
Terry Armstrong to second
Batting: RHB Pedro Torrez 0-0: Foul Ball, location: 2F
0-1: Swinging Strike
0-2: Foul Ball, location: 2F
0-2: Strikes out swinging
Top of the 1st over - 0 run(s), 1 hit(s), 0 error(s), 1 left on base; Phoenix 0 - Atlanta 0
BOTTOM OF THE 1ST
Atlanta Smoke batting - Pitching for Phoenix Hotspur : RHP John Brown
Pitching: RHP John Brown
Batting: LHB Albert Morán 0-0: Ground out 4-3 (Groundball, 4)
Batting: RHB Cale Sutton 0-0: Ball
1-0: Ball
2-0: Foul Ball, location: 2F
2-1: Fly out, F4 (Popup, 34D)
Batting: LHB Mike Silver 0-0: Hit by Pitch
Batting: RHB Bob Campbell 0-0: Ball
1-0: Called Strike
1-1: Ball
2-1: Foul Ball, location: 2F
2-2: Foul Ball, location: 2F
2-2: Foul Ball, location: 2F
2-2: Foul Ball, location: 2F
2-2: Ball
3-2: Base on Balls
Mike Silver to second
Batting: LHB Armando Esparza 0-0: Ball
1-0: Called Strike
1-1: Foul Ball, location: 2F
1-2: Ball
2-2: Ball
3-2: Base on Balls
Mike Silver to third
Bob Campbell to second
Batting: RHB Nathan Horton 0-0: Ground out 5-3 (Groundball, 5L)
Bottom of the 1st over - 0 run(s), 0 hit(s), 0 error(s), 3 left on base; Phoenix 0 - Atlanta 0
TOP OF THE 2ND
Phoenix Hotspur batting - Pitching for Atlanta Smoke : RHP Tom Bowen
Batting: LHB Mike Pace 0-0: Ball
1-0: Ball
2-0: Ball
3-0: Called Strike
3-1: Foul Ball, location: 2F
3-2: Foul Ball, location: 2F
3-2: SINGLE (Line Drive, 34)
Batting: RHB Pablo León 0-0: DOUBLE (Line Drive, 8RXD)
Mike Pace to third
Batting: RHB Raúl González 0-0: Ball
1-0: Foul Ball, location: 2F
1-1: Fly out, F8 (Flyball, 8RD)
Runner from 3rd tags up, SCORES, no throw
Batting: LHB Ken Norman 0-0: Fly out, F6 (Line Drive, 6D)
Batting: RHB Juan Aguirre 0-0: Ball
1-0: DOUBLE (Flyball, 9LS)
Pablo León scores
Batting: SHB Dave Orchard 0-0: Foul Ball, location: 2F
0-1: Ground out 4-3 (Groundball, 34)
Top of the 2nd over - 2 run(s), 3 hit(s), 0 error(s), 1 left on base; Phoenix 2 - Atlanta 0
BOTTOM OF THE 2ND
Atlanta Smoke batting - Pitching for Phoenix Hotspur : RHP John Brown
Batting: RHB Mike Burns 0-0: Fly out, F7 (Flyball, 78M)
Batting: RHB Daniel Rose 0-0: Ground out 6-3 (Groundball, 6)
Batting: LHB Mike Blue 0-0: Ground out 3-1 (Groundball, 34)
Bottom of the 2nd over - 0 run(s), 0 hit(s), 0 error(s), 0 left on base; Phoenix 2 - Atlanta 0
TOP OF THE 3RD
Phoenix Hotspur batting - Pitching for Atlanta Smoke : RHP Tom Bowen
Batting: RHB Terry Armstrong 0-0: Swinging Strike
0-1: Swinging Strike
0-2: Ball
1-2: Ground out 6-3 (Groundball, 6D)
Batting: LHB Pedro Willis 0-0: Ground out 1-3 (Groundball, 15S)
Batting: RHB Pedro Torrez 0-0: Called Strike
0-1: Ball
1-1: Called Strike
1-2: Strikes out swinging
Top of the 3rd over - 0 run(s), 0 hit(s), 0 error(s), 0 left on base; Phoenix 2 - Atlanta 0
BOTTOM OF THE 3RD
Atlanta Smoke batting - Pitching for Phoenix Hotspur : RHP John Brown
Batting: LHB Albert Morán 0-0: Ball
1-0: Foul Ball, location: 2F
1-1: SOLO HOME RUN (Flyball, 9D), Distance : 379 ft
Batting: RHB Cale Sutton 0-0: Called Strike
0-1: Ball
1-1: SINGLE (Line Drive, 89S)
Batting: LHB Mike Silver 0-0: Called Strike
0-1: Ball
1-1: Ball
2-1: Ball
3-1: 2-RUN HOME RUN (Line Drive, 9D), Distance : 408 ft
Batting: RHB Bob Campbell 0-0: Called Strike
0-1: Ball
1-1: Foul Ball, location: 2F
1-2: DOUBLE (Popup, 3D)
Batting: LHB Armando Esparza 0-0: Called Strike
0-1: Ball
Wild Pitch!
Bob Campbell to third
1-1: Foul Ball, location: 2F
1-2: Ball
2-2: DOUBLE (Line Drive, 89D)
Bob Campbell scores
Batting: RHB Nathan Horton 0-0: Ball
1-0: Ball
2-0: Fly out, F5 (Line Drive, 5D)
Batting: RHB Mike Burns 0-0: Swinging Strike
0-1: Called Strike
0-2: Foul Ball, location: 2F
0-2: Ball
1-2: Strikes out swinging
Batting: RHB Daniel Rose 0-0: Ground out 6-3 (Groundball, 6MS)
Bottom of the 3rd over - 4 run(s), 5 hit(s), 0 error(s), 1 left on base; Phoenix 2 - Atlanta 4
TOP OF THE 4TH
Phoenix Hotspur batting - Pitching for Atlanta Smoke : RHP Tom Bowen
Batting: LHB Mike Pace 0-0: Foul Ball, location: 2F
0-1: Foul Ball, location: 2F
0-2: Fly out, F4 (Line Drive, 4M)
Batting: RHB Pablo León 0-0: Foul Ball, location: 2F
0-1: Ground out 5-3 (Groundball, 5)
Batting: RHB Raúl González 0-0: Ball
1-0: Called Strike
1-1: Swinging Strike
1-2: Ball
2-2: Strikes out looking
Top of the 4th over - 0 run(s), 0 hit(s), 0 error(s), 0 left on base; Phoenix 2 - Atlanta 4
BOTTOM OF THE 4TH
Atlanta Smoke batting - Pitching for Phoenix Hotspur : RHP John Brown
Batting: LHB Mike Blue 0-0: Fly out, F8 (Flyball, 8RS)
Pitching: LHP Wes Hamm
Batting: LHB Albert Morán 0-0: Reached on error, E5 (Groundball, 5)
Batting: RHB Cale Sutton 0-0: Called Strike
0-1: Swinging Strike
0-2: Strikes out swinging
Batting: LHB Mike Silver 0-0: Ball
1-0: Foul Ball, location: 2F
1-1: Foul Ball, location: 2F
1-2: Fly out, F7 (Flyball, 78M)
Bottom of the 4th over - 0 run(s), 0 hit(s), 1 error(s), 1 left on base; Phoenix 2 - Atlanta 4
TOP OF THE 5TH
Phoenix Hotspur batting - Pitching for Atlanta Smoke : RHP Tom Bowen
Batting: LHB Ken Norman 0-0: Ball
1-0: DOUBLE (Flyball, 89XD)
Batting: RHB Juan Aguirre 0-0: Ball
1-0: Ball
2-0: Ball
3-0: Base on Balls
Pinch Runner at 2nd John Cossey:
Batting: SHB Dave Orchard 0-0: Sac Bunt - play at first, batter OUT! 2-3
John Cossey to third
Juan Aguirre to second
Batting: RHB Terry Armstrong 0-0: Ball
1-0: Fly out, F9 (Flyball, 9S)
Batting: LHB Pedro Willis 0-0: Called Strike
0-1: Ball
1-1: Ground out 4-3 (Groundball, 34)
Top of the 5th over - 0 run(s), 1 hit(s), 0 error(s), 2 left on base; Phoenix 2 - Atlanta 4
BOTTOM OF THE 5TH
Atlanta Smoke batting - Pitching for Phoenix Hotspur : LHP Wes Hamm
Now in LF: John Cossey
Batting: RHB Bob Campbell 0-0: Ball
1-0: Foul Ball, location: 2F
1-1: Foul Ball, location: 2F
1-2: Foul Ball, location: 2F
1-2: Ball
2-2: Strikes out swinging
Batting: LHB Armando Esparza 0-0: Foul Ball, location: 2F
0-1: Foul Ball, location: 2F
0-2: Foul Ball, location: 2F
0-2: Strikes out swinging
Batting: RHB Nathan Horton 0-0: Called Strike
0-1: Called Strike
0-2: Strikes out looking
Bottom of the 5th over - 0 run(s), 0 hit(s), 0 error(s), 0 left on base; Phoenix 2 - Atlanta 4
TOP OF THE 6TH
Phoenix Hotspur batting - Pitching for Atlanta Smoke : RHP Tom Bowen
Batting: RHB Pedro Torrez 0-0: Ball
1-0: Ball
2-0: Foul Ball, location: 2F
2-1: Ball
3-1: Ground out 5-3 (Groundball, 5S)
Batting: LHB Mike Pace 0-0: Foul Ball, location: 2F
0-1: Ball
1-1: Called Strike
1-2: Ball
2-2: DOUBLE (Line Drive, 9LD)
Batting: RHB Pablo León 0-0: Called Strike
0-1: SINGLE (Groundball, 3D)
Mike Pace to third
Runner from 3rd tries for Home, SAFE, no throw or cutoff
Batting: RHB Raúl González 0-0: Ball
1-0: Called Strike
1-1: Foul Ball, location: 2F
1-2: Ball
2-2: Ball
3-2: Fly out, F2 (Popup, 2LF)
Batting: LHB John Cossey 0-0: Called Strike
0-1: Foul Ball, location: 2F
0-2: Strikes out swinging
Top of the 6th over - 1 run(s), 2 hit(s), 0 error(s), 1 left on base; Phoenix 3 - Atlanta 4
BOTTOM OF THE 6TH
Atlanta Smoke batting - Pitching for Phoenix Hotspur : LHP Wes Hamm
Batting: RHB Mike Burns 0-0: Ball
1-0: Called Strike
1-1: Ball
2-1: Ball
3-1: Swinging Strike
3-2: Strikes out swinging
Batting: RHB Daniel Rose 0-0: Ball
1-0: Called Strike
1-1: Ball
2-1: Ball
3-1: Foul Ball, location: 2F
3-2: Base on Balls
Batting: LHB Mike Blue 0-0: Called Strike
0-1: Ball
1-1: Foul Ball, location: 2F
1-2: Strikes out swinging
Batting: LHB Albert Morán 0-0: Fly out, F7 (Flyball, 7LM)
Bottom of the 6th over - 0 run(s), 0 hit(s), 0 error(s), 1 left on base; Phoenix 3 - Atlanta 4
TOP OF THE 7TH
Phoenix Hotspur batting - Pitching for Atlanta Smoke : RHP Tom Bowen
Batting: RHB Juan Aguirre 0-0: Foul Ball, location: 2F
0-1: Ground out 6-3 (Groundball, 6M)
Batting: SHB Dave Orchard 0-0: Called Strike
0-1: Ball
1-1: SINGLE (Groundball, 4MD)
Batting: RHB Terry Armstrong 0-0: Ball
1-0: Ball
2-0: Called Strike
2-1: Ball
3-1: Base on Balls
Dave Orchard to second
Batting: LHB Pedro Willis 0-0: Called Strike
0-1: Ball
1-1: Called Strike
1-2: Ball
2-2: Foul Ball, location: 2F
2-2: Foul Ball, location: 2F
2-2: Foul Ball, location: 2F
2-2: Strikes out swinging
Pitching: LHP Ilie Paunescu
Batting: RHB Pedro Torrez 0-0: Swinging Strike
0-1: Swinging Strike
0-2: Foul Ball, location: 2F
0-2: Ball
1-2: Ball
2-2: Foul Ball, location: 2F
2-2: Ball
3-2: Strikes out swinging
Top of the 7th over - 0 run(s), 1 hit(s), 0 error(s), 2 left on base; Phoenix 3 - Atlanta 4
BOTTOM OF THE 7TH
Atlanta Smoke batting - Pitching for Phoenix Hotspur : LHP Wes Hamm
Batting: RHB Cale Sutton 0-0: Ball
1-0: Ball
2-0: Fly out, F6 (Popup, 6MD)
Batting: LHB Mike Silver 0-0: Called Strike
0-1: Ball
1-1: Ball
2-1: Swinging Strike
2-2: Ball
3-2: Foul Ball, location: 2F
3-2: SINGLE (Line Drive, 7S)
Batting: RHB Bob Campbell 0-0: Called Strike
Mike Silver steals 2nd base
0-1: Ball
1-1: Ball
2-1: Ball
3-1: Base on Balls
Batting: LHB Armando Esparza 0-0: Ball
1-0: Ball
2-0: Ball
3-0: Base on Balls
Mike Silver to third
Bob Campbell to second
Pitching: RHP Craig Gasnier
Batting: RHB Nathan Horton 0-0: Ball
1-0: Foul Ball, location: 2F
1-1: Ball
2-1: Swinging Strike
2-2: Grounds into double play, 6-4-3 (Groundball, 6)
Bottom of the 7th over - 0 run(s), 1 hit(s), 0 error(s), 2 left on base; Phoenix 3 - Atlanta 4
TOP OF THE 8TH
Phoenix Hotspur batting - Pitching for Atlanta Smoke : LHP Ilie Paunescu
Batting: LHB Mike Pace 0-0: Called Strike
0-1: Ball
1-1: Ball
2-1: Foul Ball, location: 2F
2-2: Ball
3-2: Strikes out swinging
Pitching: RHP Mike Farrell
Batting: RHB Pablo León 0-0: Foul Ball, location: 2F
0-1: Called Strike
0-2: Ball
1-2: Ball
2-2: Foul Ball, location: 2F
2-2: Ball
3-2: Strikes out swinging
Batting: RHB Raúl González 0-0: Ball
1-0: Called Strike
1-1: Ball
2-1: Foul Ball, location: 2F
2-2: Strikes out looking
Top of the 8th over - 0 run(s), 0 hit(s), 0 error(s), 0 left on base; Phoenix 3 - Atlanta 4
BOTTOM OF THE 8TH
Atlanta Smoke batting - Pitching for Phoenix Hotspur : RHP Craig Gasnier
Batting: RHB Mike Burns 0-0: Called Strike
0-1: Called Strike
0-2: Strikes out swinging
Batting: RHB Daniel Rose 0-0: Ball
1-0: Called Strike
1-1: Ground out 6-3 (Groundball, 6)
Batting: LHB Mike Blue 0-0: Called Strike
0-1: Ball
1-1: Foul Ball, location: 2F
1-2: Strikes out swinging
Bottom of the 8th over - 0 run(s), 0 hit(s), 0 error(s), 0 left on base; Phoenix 3 - Atlanta 4
TOP OF THE 9TH
Phoenix Hotspur batting - Pitching for Atlanta Smoke : RHP Mike Farrell
Pitching: RHP Fred Pitts
Pinch Hitting: LHB Casey Bright 0-0: Called Strike
0-1: Swinging Strike
0-2: Ball
1-2: Ground out 1-3 (Groundball, 13)
Pinch Hitting: RHB Paul Campbell 0-0: Called Strike
0-1: Ball
1-1: Foul Ball, location: 2F
1-2: Ground out 6-3 (Groundball, 6)
Batting: SHB Dave Orchard 0-0: Called Strike
0-1: Ground out 6-3 (Groundball, 6M)
Top of the 9th over - 0 run(s), 0 hit(s), 0 error(s), 0 left on base; Phoenix 3 - Atlanta 4
This league is powered by Out of the Park Baseball, the baseball management simulation game for PC, Mac and Linux
Friday, January 22nd, 2016 - OOTP Baseball 16.9 Build 39